 Dungeon Crawl Stone Soup version 0.29.0-4-gdea44cf6ec (webtiles) character file.

Game seed: 15870177895739170402

22 qw the Sneak (level 2, -4/19 HPs)
             Began as a Gargoyle Delver on Sept 10, 2022.
             Slain by an orc
             ... wielding a +2 flail of protection
              (6 damage)
             ... on level 3 of the Dungeon.
             The game lasted 00:00:13 (396 turns).

qw the Sneak (Gargoyle Delver)                       Turns: 396, Time: 00:00:14

Health: -4/19      AC:  8    Str: 15    XL:     2   Next: 91%
Magic:  2/2        EV:  9    Int: 10    God:
Gold:   0          SH:  0    Dex: 11    Spells: 1/1 levels left

rFire   . . .      SeeInvis .   a - +0 hand axe
rCold   . . .      Faith    .   (no shield)
rNeg    + . .      Spirit   .   d - +0 scale mail
rPois   inf        Reflect  .   (no helmet)
rElec   +          Harm     .   (no cloak)
rCorr   .          Rampage  .   (no gloves)
Will    .....                   (no boots)
Stlth   +.........              (no amulet)
HPRegen 0.06/turn               (no ring)
MPRegen 0.08/turn               (no ring)

@: no status effects
A: sickness immunity, AC +2, negative energy resistance 1, electricity
resistance, torment resistance 1, petrification resistance
a: no special abilities


You were on level 3 of the Dungeon.
You visited 1 branch of the dungeon, and saw 3 of its levels.


Innate Abilities, Weirdness & Mutations

You are immune to sickness and miasma.
Your stone body is resilient. (AC +2)
You are immune to poison.
You resist negative energy. (rN+)
You are resistant to electric shocks. (rElec)
You are resistant to unholy torment.
You are immune to petrification.


   Skills:
 - Level 3.2 Fighting
 - Level 3.0 Axes
 + Level 0.0 Armour
 - Level 1.5 Dodging
 - Level 5.4 Stealth


You had one spell level left.
You didn't know any spells.
Your spell library was empty.

Inventory:

Hand Weapons
 a - a +0 hand axe (weapon)
 b - a +0 club
Armour
 d - a +0 scale mail (worn)
Wands
 g - a wand of digging (3)
Scrolls
 h - a scroll of teleportation {unknown}
Potions
 c - a potion of degeneration {unknown}
 e - a potion of curing {unknown}
 f - a potion of haste

Dungeon Overview and Level Annotations

Branches:
Dungeon (5/15)
 Temple: D:4-7

Altars:


Message History

The orc hits you but does no damage.
The orc hits you with a +2 flail of protection!
384 ||| Stepping ~*~*~tactically~*~*~ (stealth).
You hit the orc.
The orc is moderately wounded.
The orc hits you with a +2 flail of protection.
You barely miss the orc.
The orc is moderately wounded.
The orc hits you but does no damage.
You closely miss the orc.
The orc is moderately wounded.
The orc barely misses you.
You hit the orc.
The orc is almost dead.
The orc barely misses you.
You hit the orc but do no damage.
The orc is almost dead.
The orc hits you but does no damage.
You closely miss the orc.
The orc is almost dead.
The orc barely misses you.
You closely miss the orc. The orc closely misses you.
You hit the orc.
The orc is severely wounded.
You hear the brisk rusting of a distant drain.
The orc hits you but does no damage.
You hit the orc.
You kill the orc!
Your Axes skill increases to level 3!
You barely miss the orc.
The orc is almost dead.
The orc barely misses you.
You closely miss the orc.
The orc is almost dead.
The orc hits you but does no damage.
You closely miss the orc.
The orc is almost dead.
The orc hits you with a +2 flail of protection.
You die...

.....##...##....%...#.##
#.######
####.###.###.....####.#
#.....>. # #.#
#.....#.### #.# #.######
# #.# ####....######.#
#.# # # #.#
##.#%#........# .#. #
####.# ##.##.##.#######.
# # # .....#
#................ # #
#..# #...#.##......... #
#.)###...#.#.#@######.. #
###...........###o.......
.......)...#.#.#.######..
.....#####.#.##o## .##.##
#.#...oo .##.# #.#.##.##
.##.# #.# #o .##.# .# #.
.##.# #o


You could see an orc.

Vanquished Creatures
  An adder (D:3)
  2 orcs (D:3)
  A ball python (D:4)
  2 endoplasms
  A goblin (D:3)
  A quokka (D:4)
  2 frilled lizards (D:3)
10 creatures vanquished.

Notes
Turn   | Place    | Note
-------+----------+-------------------------------------------
     0 | D:5      | qw the Gargoyle Delver began the quest for the Orb.
     0 | D:5      | Reached XP level 1. HP: 14/14 MP: 1/1
     0 | D:5      | 0 ||| qw: Version: 0.1-a-116-g5d60599
     0 | D:5      | 0 ||| qw: Game counter: 8632
     0 | D:5      | 0 ||| qw: Always use a shield: true
     0 | D:5      | 0 ||| qw: God list: Okawaru
     0 | D:5      | 0 ||| qw: Allow faded altars: false
     0 | D:5      | 0 ||| qw: Do Orc after D:15 true
     0 | D:5      | 0 ||| qw: Do second Lair branch before Depths: true
     0 | D:5      | 0 ||| qw: Lair rune preference: random
     0 | D:5      | 0 ||| qw: Plans: Normal
     0 | D:5      | 0 ||| PLANNING D:1-11
     0 | D:5      | 0 ||| DROPPING scroll of fog.
     1 | D:5      | 1 ||| DROPPING scroll of magic mapping.
     2 | D:5      | 2 ||| DROPPING scroll of fear.
   126 | D:4      | 126 ||| UPGRADING to +0 scale mail.
   136 | D:4      | 136 ||| DROPPING +0 leather armour.
   146 | D:3      | 146 ||| PLANNING SEWER
   160 | D:3      | 160 ||| Stepping ~*~*~tactically~*~*~ (stealth).
   161 | D:3      | 161 ||| Stepping ~*~*~tactically~*~*~ (stealth).
   191 | D:3      | Reached XP level 2. HP: 19/19 MP: 2/2
   196 | D:3      | 196 ||| Stepping ~*~*~tactically~*~*~ (stealth).
   374 | D:3      | 374 ||| Stepping ~*~*~tactically~*~*~ (stealth).
   376 | D:3      | 376 ||| Stepping ~*~*~tactically~*~*~ (stealth).
   378 | D:3      | 378 ||| Stepping ~*~*~tactically~*~*~ (stealth).
   384 | D:3      | 384 ||| Stepping ~*~*~tactically~*~*~ (stealth).
   385 | D:3      | HP: 1/19 [orc/+2 flail of protection (5)]
   394 | D:3      | Reached skill level 3 in Axes
   396 | D:3      | Slain by an orc

Levels and vault maps discovered:
D:3:      minmay_evil_eye, layout_loops_ring, portal_sewer_entry_f
D:4:      layout_basic, minitemple, serial_shops, kennysheep_mini,
          minmay_diced_spiral
D:5:      layout_basic

Skill      XL: |  1  2 |
---------------+-------+-----
Axes           | 2 3 |  3.0
Fighting       | |  3.2
Dodging        | |  1.5
Stealth        | |  5.4

Action                   || total
-------------------------++-------
Melee: Hand axe          ||    46
Armor: Leather armour    ||     4
       Scale mail        ||    15
Dodge: Dodged            ||    18

Table legend:
 A = Non-vault XP
 B = Vault XP
 C = Vault XP percentage of total XP
 D = Non-vault monster count
 E = Vault monster count
 F = Vault count percentage of total count
                 A         B        C        D         E       F
            +---------+---------+-------+---------+---------+-------
      Total |      32 |       0 |   0.0 |      10 |       0 |   0.0
            +---------+---------+-------+---------+---------+-------
        D:3 |      26 |       0 |   0.0 |       7 |       0 |   0.0
        D:4 |       6 |       0 |   0.0 |       3 |       0 |   0.0
            +---------+---------+-------+---------+---------+-------
